Cogmind - Beta 14 @@@ ROGUE MODE // 2024.11.27 @ 23:41:56 Player: UnderDoug Result: Destroyed by G-34 Mercenary with Small Laser Performance ------------- Evolutions (0) 0 Regions Visited (1) 200 Robots Destroyed (15) 75 Value Destroyed (327) 327 Prototype IDs (0) 0 Alien Tech Used (0) 0 Bonus (0) 0 TOTAL SCORE: 602 Bonus ------- None Cogmind --------- Core Integrity 0/250 Matter 286/300 Energy 125/125 System Corruption 0% Temperature Cool (6) Movement Walking (120) Location -10/Materials Parts ------- > --- POWER (1) -------- Light Ion Engine > --- PROPULSION (2) --- Aluminum Leg Aluminum Leg > --- UTILITY (2) ------ Small Storage Unit > --- WEAPON (2) ------- Light Cannon Hammer > --- INVENTORY (8) ---- Ion Engine Light Ion Engine Aluminum Leg Wheel Compact Wheel Improved Heat Sink Small Laser Peak State ------------ > --- POWER ------------ Light Ion Engine > --- PROPULSION ------- Aluminum Leg Aluminum Leg > --- UTILITY ---------- Small Storage Unit Light Armor Plating > --- WEAPON ----------- Small Laser Hammer > --- INVENTORY -------- Ion Engine Light Ion Engine Aluminum Leg Wheel Compact Wheel Improved Heat Sink [Rating: 7] Favorites ----------- Power Light Ion Engine Engine Light Ion Engine Propulsion Aluminum Leg Leg Aluminum Leg Utility Small Storage Unit Storage Small Storage Unit Protection Light Armor Plating Weapon Medium Laser Energy Gun Medium Laser Ballistic Cannon Light Cannon Impact Weapon Hammer Build | -11 -10 ------- Run | Yrd Mat Slots Evolved . | . . Power . | . . Propulsion . | . . Utility . | . . Weapon . | . . Parts Attached 10 | 4 6 Power 1 | 1 . Engine 1 | 1 . Core . | . . Reactor . | . . Propulsion 2 | 1 1 Treads . | . . Leg 2 | 1 1 Wheel . | . . Hover . | . . Flight . | . . Utility 2 | 1 1 Device . | . . Storage 1 | 1 . Processor . | . . Hackware . | . . Protection 1 | . 1 Artifact . | . . Weapon 5 | 1 4 Energy Gun 3 | 1 2 Energy Cannon . | . . Ballistic Gun . | . . Ballistic Cannon 1 | . 1 Launcher . | . . Special Weapon . | . . Impact Weapon 1 | . 1 Slashing Weapon . | . . Piercing Weapon . | . . Special Melee Weapon . | . . Unidentified Prototypes . | . . Parts Lost 3 | . 3 Power . | . . Propulsion . | . . Utility 1 | . 1 Weapon 2 | . 2 Highest Loss Streak 2 | . 2 To Critical Strikes . | . . Average Slot Usage (%) 83 | . 83 Engine 14 | . 14 Leg 21 | . 21 Storage 14 | . 14 Protection 7 | . 7 Energy Gun 17 | . 17 Ballistic Cannon 3 | . 3 Impact Weapon 5 | . 5 Peak Build Rating 7 | 4 7 Average Rating 5 | 2 5 On Entrance 2 | . 4 Naked Turns . | . . Heaviest Build 16 | 10 16 Greatest Support 20 | 10 20 Greatest Overweight (x) 1 | 1 1 Average Overweight (x) . | . . Largest Inventory Capacity 8 | 8 8 Average Capacity 7 | 6 8 Most Carried 8 | 6 8 Average Carried 6 | 4 6 Final Capacity 8 | 8 8 Final Carried 7 | 6 7 Class Distribution -------------------- 100% | Mutant Dominant Class ---------------- Mutant | -10/Materials Resources | -11 -10 ----------- Run | Yrd Mat Matter Collected 333 | 221 112 Remotely . | . . Salvage Created 445 | . 445 Parts 28 | . 28 Haulers Intercepted . | . . Recyclers Shooed 1 | . 1 Parts Field Recycled . | . . Retrieved Matter . | . . Parts Self-Destructed . | . . Prevented . | . . Kills | -11 -10 ------- Run | Yrd Mat Combat Hostiles Destroyed 9 | . 9 Melee 2 | . 2 Guns 6 | . 6 Cannons 1 | . 1 Classes Destroyed 7 | . 7 Worker 1 | . 1 Builder 1 | . 1 Recycler 1 | . 1 Operator 1 | . 1 Watcher 2 | . 2 Swarmer 3 | . 3 Grunt 6 | . 6 Best Kill Streak 3 | . 3 Combat Bots Only 3 | . 3 Max Kills in Single Turn 1 | . 1 Gunslinging . | . . Exploded . | . . Melee 1 | . 1 Uniques/NPCs Destroyed . | . . Combat | -11 -10 -------- Run | Yrd Mat Hostile Shots Fired 96 | . 96 Missed 24 | . 24 Damage Taken 739 | . 739 Core 257 | . 257 Absorbed by Shields . | . . Core Remaining (%) 100 | 100 . Volleys Fired 46 | . 46 Largest 2 | . 2 Hottest 90 | . 90 Shots Fired 64 | . 64 Gun 49 | . 49 Cannon 15 | . 15 Launcher . | . . Special . | . . Kinetic 15 | . 15 Thermal 30 | . 30 Explosive . | . . Electromagnetic 19 | . 19 Robot Hit Streak 8 | . 8 Robot Miss Streak 4 | . 4 Penetration Max . | . . Secondary Targets . | . . Shots Hit Robots 38 | . 38 Core Hits 20 | . 20 Critical Kills 1 | . 1 Critical Parts Destroyed . | . . Critical Strikes 3 | . 3 Burn 1 | . 1 Corrupt 1 | . 1 Smash 1 | . 1 Melee Attacks 9 | . 9 Impact 9 | . 9 Slashing . | . . Piercing . | . . Sneak Attacks 1 | . 1 Combat Hostiles . | . . Follow-up Attacks . | . . Damage Inflicted 702 | . 702 Guns 351 | . 351 Cannons 158 | . 158 Explosions . | . . Melee 193 | . 193 Ramming . | . . Kinetic 158 | . 158 Thermal 155 | . 155 Explosive . | . . Electromagnetic 196 | . 196 Impact 193 | . 193 Slashing . | . . Piercing . | . . Highest Corruption . | . . Average Corruption . | . . Corruption Purged . | . . Corruption Blocked . | . . Overload Shots . | . . Overflow Damage 89 | . 89 Projectiles . | . . Explosions . | . . Melee 89 | . 89 Knockbacks 3 | . 3 Impact 1 | . 1 Kinetic 2 | . 2 Secondary . | . . Self-Inflicted Damage . | . . Shots . | . . Rammed . | . . Targets Rammed 1 | . 1 Kicked 1 | . 1 Crushed . | . . Highest Temperature 216 | . 216 Average Temperature 79 | . 79 Received Heat Transfer 246 | . 246 Siege Activations . | . . Robots Corrupted 1 | . 1 Combat Hostiles . | . . Parts Fried 2 | . 2 Impact Corruptions 4 | . 4 Robots Melted . | . . Combat Hostiles . | . . Parts Melted . | . . Heat Transferred 495 | . 495 Parts Sabotaged . | . . Parts Stolen . | . . Parts Stripped . | . . Power Chain Reactions . | . . Alert | -11 -10 ------- Run | Yrd Mat Peak Influence 288 | . 288 Initial . | . . Average 133 | . 151 Maximum Alert Level 1 | . 1 Low Security (%) 64 | 100 59 Level 1 35 | . 40 Level 2 . | . . Level 3 . | . . Level 4 . | . . Level 5 . | . . High Security . | . . Max Security . | . . Squads Dispatched 2 | . 2 Investigation 1 | . 1 Extermination . | . . Reinforcement 1 | . 1 Assault . | . . Garrison . | . . Intercept . | . . Searches Triggered . | . . Construction Impeded . | . . Haulers Reinforced . | . . Active Scanning Responses . | . . Cargo Convoy Interrupts . | . . Stealth | -11 -10 --------- Run | Yrd Mat Distress Signals 2 | . 2 Communications Jammed . | . . Distress Signals . | . . Times Spotted 21 | . 21 Peak Tracking Total 5 | . 5 Tactical Retreats 2 | . 2 Traps | -11 -10 ------- Run | Yrd Mat Traps Triggered . | . . Indirectly . | . . Trap Hack Attempts . | . . Triggered . | . . Disarmed . | . . Reprogrammed . | . . Reused . | . . Traps Extracted . | . . Installed . | . . Triggered . | . . Machines | -11 -10 ---------- Run | Yrd Mat Machines Disabled 2 | . 2 Max in Single Turn 1 | . 1 Machines Repaired . | . . Machines Dismantled . | . . Machines Sabotaged . | . . Overloaded Fab Kills . | . . Hacking | -11 -10 --------- Run | Yrd Mat Machines Accessed 1 | . 1 Terminals 1 | . 1 Fabricators . | . . Repair Stations . | . . Recycling Units . | . . Scanalyzers . | . . Garrison Access . | . . Total Hacks 2 | . 2 Successful . | . . Failed 2 | . 2 Catastrophic 1 | . 1 Database Lockouts . | . . Manual . | . . Terminals 2 | . 2 Fabricators . | . . Repair Stations . | . . Recycling Units . | . . Scanalyzers . | . . Garrison Access . | . . Terminal Hacks . | . . Fabricator Hacks . | . . Repair Station Hacks . | . . Recycling Unit Hacks . | . . Scanalyzer . | . . Garrison Access Hacks . | . . Unauthorized Hacks . | . . Terminals . | . . Fabricators . | . . Repair Stations . | . . Recycling Units . | . . Scanalyzers . | . . Garrison Access . | . . Data Cores Recovered . | . . Used . | . . Hacking Detections 1 | . 1 Full Trace Events 1 | . 1 Feedback Events . | . . Feedback Blocked . | . . Robot Schematics Acquired . | . . Robots Built . | . . Authchips . | . . Time . | . . Total Robot Build Rating . | . . Part Schematics Acquired . | . . Parts Built . | . . Authchips . | . . Time . | . . Total Part Build Rating . | . . Parts Repaired . | . . Time . | . . Parts Recycled . | . . Recycled Matter . | . . Retrieved Matter . | . . Retrieved Components . | . . Parts Scanalyzed . | . . Part Schematics Acquired . | . . Parts Damaged . | . . Bothacking | -11 -10 ------------ Run | Yrd Mat Used RIF Installer . | . . Robots Hacked . | . . Non-combat . | . . Combat . | . . Robot Hacks Applied . | . . Relay Couplers Released . | . . Fabnet Peak Effective % . | . . Robots Rewired . | . . Allies Hacked . | . . Hacks Repelled . | . . Allies | -11 -10 -------- Run | Yrd Mat Total Allies . | . . Largest Group . | . . Highest-Rated Group . | . . Highest-Rated Ally . | . . Total Orders . | . . Ally Attacks . | . . Total Damage . | . . Kills . | . . Allies Corrupted . | . . Allies Melted . | . . Intel | -11 -10 ------- Run | Yrd Mat Robot Analysis Total . | . . Derelict Logs Recovered . | . . Drone Launches . | . . Drone Recoveries . | . . Exploration | -11 -10 ------------- Run | Yrd Mat Turns Passed 538 | 64 474 Spaces Moved 266 | 57 209 Core 23 | 23 . Treads . | . . Legs 243 | 34 209 Wheels . | . . Hover . | . . Flight . | . . Fastest Speed 50 | 50 120 Average Speed 133 | 92 144 Slowest Speed 190 | 120 190 Overloaded Moves . | . . Propulsion Burnouts . | . . Robots Hopped . | . . Cave-ins Triggered . | . . Exploration Rate (%) 27 | 4 50 Regions Visited 1 Branch Regions . Pre-discovered Areas . | . . Known Exits Taken . | . . Unknown Exits Taken 1 | 1 . Scrap Searched . | . . Spaces Dug . | . . Terrain Destroyed . | . . Melee . | . . Projectile . | . . AOE . | . . Terrain Rammed . | . . Walls Destroyed . | . . Machines Disabled . | . . Actions | -11 -10 --------- Run | Yrd Mat Total 367 | 66 301 Wait 24 | . 24 Move 265 | 56 209 Hop . | . . Pick Up 11 | 6 5 Fast Attach 5 | 4 1 Attach 5 | . 5 Detach 1 | . 1 Swap . | . . Drop . | . . Fire 46 | . 46 Melee 9 | . 9 Ram . | . . Kick 1 | . 1 Crush . | . . Escape Stasis . | . . Rewire . | . . Trap . | . . Miscellaneous . | . . Route ------- -11/Scrapyard -10/Materials (discovered 2 exits: [*Mat] / [*Min]) History --------- Turn | Location | Event 3 | -11/Scrapyard | Discovered new exit (range 15) 65 | -11/Scrapyard | Entered Materials 193 | -10/Materials | Discovered new exit (range 14) 281 | -10/Materials | Core integrity fell below 50% 311 | -10/Materials | Build established: Mutant 370 | -10/Materials | Discovered new exit (range 8) 494 | -10/Materials | Core integrity fell below 20% 539 | -10/Materials | Destroyed by G-34 Mercenary with Small Laser Last Messages --------------- Recycling unit begins recycling process. Acquired 6 matter. R-06 Scavenger inserts Lgt. Ion Engine into recycling unit. Acquired 2 matter. Acquired 4 matter. Acquired 12 matter. K-01 Serf collects debris. Acquired 19 matter. K-01 Serf cleans the Atomic Centrifuge. K-01 Serf collects debris. K-01 Serf cleans the Atomic Centrifuge. K-01 Serf collects debris. W-16 Scout destroyed. K-01 Serf collects debris. Lgt. Armor Plating destroyed. R-06 Scavenger destroyed. K-01 Serf cleans the Atomic Centrifuge. K-01 Serf collects debris. R-06 Scavenger collects Lgt. Ion Engine. Map ----- +----------------------------------------------------+ | ?????????????????# #???# #? | | ?????????????????# #???#######/######## | | ?????????????????+ """ #????????# % | | ?????????????????# """ #????????# | | ?????????????????# ??" #????????#"" | | ??????????????????? ???" ##########"" ## | | ????????????????????????? # #"T #? | | ????????????????????????? # """ #"" +? | | ?????????????????????????? # """ #"" #? | | ??????????????????????????????# """ # #? | | ?????????????????????????? # *# #? | | ??????????????????? ??" #[ """=#% !!! #? | | ??????????????????? ?? # """[+% !!! #? | | ??????????????????? ?? # """=# !! #? | | ???????????????????# ?"" # !# #? | | ???????????????????# """ ########## ## | | ???????????????????# """ m | | ???????????????????# """ a | | ???????????????????# k % | | ???????????????????# ####/######## | | ???????????????????# """ gg # | | ???????????????????# """ """ # """ """ """ | | ???????????????????# %""" """ # "" """ """ | | ???????????????????# " """ # """ """ """ | | ??????????#""??????# s%sk # ! | | ??????????# # s@ % # % | | ???????????""" +% r###+###### #####+######### | | ???????????""" #! # #?# #???# #??# | | ???????????""" ??# #!! #?# #???# #??# "T" | | ??????????? ?????# #! #?# #???# #??# % | | ??????????#????????# # #?# #?### ##?# | | ???????????????????# # "Y" #?# ### #?# | | ???????????????????! # """ #?# ### | | ??????????????????! ########?# T + | | ??????????????????! #????????# #### ### ! | | ????????????????? "?????????# #??## ########+ | | ????????????????? T?????????# #???# | | ???????????????? "????????##+##### ^ | | ???????????????? ?????????# !# ^ | | ???????????????? ?????????# """ # ######### | | ??????????????????## ?????????# """ # ######### | | ???????????????????? ?????????# """ # # # | | ???????????????????????????????# + + # | | ???????????????????????????????# # # # | | ???????????????????????????????######## ######### | | ?????????????????????????????????????# #??????# | | ?????????????????????????????????????# ?????# | | ?????????????????????????????????????# ????# | | ?????????????????????????????????????# ####???? | | ?????????????????????????????????????######??????? | +----------------------------------------------------+ Best States ------------- Heat Dissipation 25 Energy Generation 10 Energy Capacity 125 Matter Stores 300 Matter Capacity 300 Sight Range 16 Terrain Scan Density 10 Armor Coverage 150 Evasion (%) 55 Item Schematics ----------------- None Robot Schematics ------------------ None Fabricated ------------ Nothing Alien Tech Used ----------------- None Achievements -------------- None Challenges ------------ None Game ------ Seed GreatSiegeSteel Manual? 0 Play Time 00:05:26 Cumulative 6.2 hours Start 2024.11.27 @ 23:36:49 End 2024.11.27 @ 23:41:56 Sessions 1 Manual Loads 0 Difficulty Rogue Special Mode None Game No. 8 Rogue 8 Adventurer 0 Explorer 0 Win Type - Total 0 Types 0/0/0/0/0/0/0/0/0 Lore% 5 Gallery% 11 Achievement% 12 Wizard Run 0 Options --------- Layout 1 ASCII 0 Keyboard 0 Movement Numpad Keybinds 0 Fullscreen 2 Font 24/Tamsyn Map View 50x35 Zoom Use 0% Tactical HUD 0 Map Filters NONE Filters NONE Steam 0 RUN: 65de80a4-071d-4e64-b47a-0516614a55ba